 Dungeon Crawl Stone Soup version 0.25-a0-719-gde951dce62 (webtiles) character file.

Game seed: 10733905187351142115, levelgen mode: deterministic

26 kae the Ruffian (level 2, -1/23 HPs)
             Began as a Draconian Transmuter on Apr 6, 2020.
             Slain by a jackal (3 damage)
             ... on level 1 of the Dungeon.
             The game lasted 00:00:42 (833 turns).

kae the Ruffian (Draconian Transmuter)               Turns: 833, Time: 00:00:42

Health: -1/23      AC:  5    Str: 12    XL:     2   Next: 89%
Magic:  4/5        EV: 12    Int: 13    God:
Gold:   47         SH:  0    Dex: 11    Spells: 4/5 levels left

rFire    . . .     SeeInvis .     - Unarmed
rCold    . . .     Gourm    .   (no shield)
rNeg     . . .     Faith    .   (armour unavailable)
rPois    .         Spirit   .   (helmet restricted)
rElec    .         Reflect  .   h - +0 cloak
rCorr    .         Harm     .   (no gloves)
MR       .....                  (boots currently unavailable)
Stlth    +.........             (no amulet)
HPRegen  0.07/turn              (no ring)
MPRegen  0.09/turn              (no ring)

@: appendage
A: unfitting armour, talons 3, cold-blooded, AC +4
a: End Transformation


You were on level 1 of the Dungeon.
You were not hungry.
You had grown temporary talons.
You visited 1 branch of the dungeon, and saw 2 of its levels.

You collected 47 gold pieces.

Inventory:

Missiles
 a - 26 arrows
Armour
 h - a +0 cloak (worn)
Scrolls
 b - a scroll of blinking {unknown}
 d - a scroll of fear {unknown}
 e - a scroll of identify {unknown}
 f - a scroll of remove curse {unknown}
 g - a scroll of enchant weapon {unknown}
Potions
 i - a potion of mutation {unknown}
Comestibles
 c - 3 rations


   Skills:
 - Level 1.1 Fighting
 - Level 1.7 Dodging
 * Level 3.6 Unarmed Combat
 + Level 2.3 Spellcasting
 + Level 2.4 Transmutations


You had 4 spell levels left.
You knew the following spells:

 Your Spells              Type           Power        Failure   Level  Hunger
a - Beastly Appendage     Tmut           #.....       10%         1    #......

Your spell library contained the following spells:

 Spells                   Type           Power        Failure   Level  Hunger
 Sticks to Snakes         Tmut           #.......     14%         2    ###....
 Spider Form              Tmut/Pois      #.........   41%         3    ###....
 Ice Form                 Ice/Tmut       #.......     83%         4    #####..
 Blade Hands              Tmut           #.........   95%         5    ######.


Dungeon Overview and Level Annotations

Branches:
Dungeon (2/15)

Altars:

Annotations:
D:2 Robin


Innate Abilities, Weirdness & Mutations

Your plain brown scales are hard. (AC +4)
You cannot fit into any form of body armour.
You are cold-blooded and may be slowed by cold attacks.
You have claws for feet.


Message History

You hit the goblin but do no damage.
The goblin is severely wounded.
The jackal closely misses you. The goblin closely misses you.
You closely miss the goblin.
The goblin is severely wounded.
The jackal misses you. The goblin misses you. The jackal closely misses you.
You closely miss the goblin.
The goblin is severely wounded.
The jackal barely misses you. The goblin barely misses you.
You hit the goblin.
You kill the goblin!
The jackal bites you but does no damage.
You miss the jackal.
Your tail-slap misses the jackal.
The jackal bites you but does no damage.
The jackal bites you.
* * * LOW HITPOINT WARNING * * *
Casting: Beastly Appendage (safe; 10% risk of failure)
Confirm with . or Enter, or press ? or * to list all spells.
Your feet morph into talons.
The jackal bites you.
You die...

#.........#.....#......#
#.................####.#
#.................# #.#
#.................####.#
#.........#.######.....#
#.........#.# #.###########
#.........).######.#......#...
####.........#.h)...#.#.####.#.##
................@.....#.# #.#...
########.##.###.......#.# #.####
#######.##..#####.##.#.# #.....
#....................#.#########
#..###.........###.....#.......#
#.## ##.......## ##..#.#.#####.#
##.# #.......# #..#.#.# #.# #..##
##.......## ##..###.#####.#
.(.(###.........###...# #.#.....#


You could see a jackal.

Vanquished Creatures
  3 bats (D:1)
  10 goblins
  2 hobgoblins (D:1)
  2 kobolds (D:1)
  4 frilled lizards (D:1)
  3 rats (D:1)
24 creatures vanquished.

Notes
Turn   | Place    | Note
-------+----------+-------------------------------------------
     0 | D:1      | kae the Draconian Transmuter began the quest for the Orb.
     0 | D:1      | Reached XP level 1. HP: 16/16 MP: 3/3
   103 | D:1      | Reached XP level 2. HP: 23/23 MP: 5/5
   813 | D:2      | Noticed Robin
   833 | D:1      | Slain by a jackal

Levels and vault maps discovered:
D:1:      minmay_arrival_four_circles, layout_basic
D:2:      layout_basic, bloody_trog, overflow_temple_1_default, uniq_jessica,
          uniq_natasha, uniq_robin

Action                   || total
-------------------------++-------
Melee: Unarmed           ||    60
       Kick              ||     5
       Headbutt          ||     3
       Tailslap          ||     5
 Cast: Beastly Appendage ||    15
Armor: Skin              ||    24
Dodge: Dodged            ||    43

Table legend:
 A = Non-vault XP
 B = Vault XP
 C = Vault XP percentage of total XP
 D = Non-vault monster count
 E = Vault monster count
 F = Vault count percentage of total count
                 A         B        C        D         E       F
            +---------+---------+-------+---------+---------+-------
      Total |      30 |       8 |  21.1 |      20 |       4 |  16.7
            +---------+---------+-------+---------+---------+-------
        D:1 |      30 |       2 |   6.2 |      20 |       1 |   4.8
        D:2 |       0 |       6 | 100.0 |       0 |       3 | 100.0
            +---------+---------+-------+---------+---------+-------
